 Dungeon Crawl Stone Soup version 0.30.0-7-g0c4daa9e05 (webtiles) character file.

Game seed: 13489146813016923891

75 Jarnaxa the Trooper (level 4, -2/41 HPs)
             Began as a Minotaur Monk on May 13, 2023.
             Slain by a gnoll
             ... wielding a +0 spear
              (6 damage)
             ... on level 2 of the Dungeon.
             The game lasted 00:02:16 (963 turns).

Jarnaxa the Trooper (Minotaur Monk)                  Turns: 963, Time: 00:02:16

Health: -2/41      AC:  6    Str: 18    XL:     4   Next: 11%
Magic:  3/3        EV: 10    Int:  7    God:
Gold:   110        SH:  3    Dex: 12    Spells: 3/3 levels left

rFire   . . .        a - +0 falchion
rCold   . . .        f - +0 buckler
rNeg    . . .        l - +0 scale mail
rPois   .            (helmet restricted)
rElec   .            (no cloak)
rCorr   .            (no gloves)
SInv    .            (no boots)
Will    .....        (no amulet) Stlth
                     (no ring)
HPRegen 0.26/turn    (no ring)
MPRegen 0.08/turn

%: no passive effects
@: no status effects
A: horns 2, retaliatory headbutt
a: no special abilities


You were on level 2 of the Dungeon.
You visited 1 branch of the dungeon, and saw 2 of its levels.

You collected 110 gold pieces.

Inventory:

Hand Weapons
 a - a +0 falchion (weapon)
Armour
 b - a +0 robe
 d - an orb of light
 f - a +0 buckler (worn)
 l - a +0 scale mail (worn)
Jewellery
 j - a ring of ice
 m - a ring of magical power
Scrolls
 g - a scroll of teleportation {unknown}
 h - a scroll of identify {unknown}
 i - a scroll of magic mapping {unknown}
 k - a scroll of enchant weapon {unknown}
Potions
 c - a potion of ambrosia
 e - a potion of lignification {unknown}


   Skills:
 + Level 4.6 Fighting
 + Level 4.6 Long Blades
 + Level 3.8 Dodging
 + Level 0.4 Stealth


You had 3 spell levels left.
You didn't know any spells.
Your spell library contained the following spells:

 Spells                   Type           Power      Damage    Failure   Level
 Vhi's Electric Charge    Tloc/Air       0%         N/A       99%         3
 Alistair's Intoxication  Tmut/Pois      0%         N/A       100%        5
 Arcjolt                  Conj/Air       0%         1d10      100%        5
 Borgnjor's Vile Clutch   Necr/Erth      0%         N/A       100%        5
 Eringya's Noxious Bog    Tmut/Pois      0%         N/A       100%        6
 Maxwell's Capacitive Co  Air            0%         ∞         100%        8


Dungeon Overview and Level Annotations

Branches:
Dungeon (2/15)

Altars:


Innate Abilities, Weirdness & Mutations

You have a pair of horns on your head.
You reflexively headbutt those who attack you in melee.


Message History

The worm is moderately wounded.
The worm bites you!
You hit the worm.
The worm is heavily wounded.
The worm bites you.
You hit the worm. You headbutt the worm!
You kill the worm!
The hobgoblin barely misses you.
You slash the hobgoblin!
You kill the hobgoblin!
A gnoll comes into view. It is wielding a +0 flail.
The gnoll shouts!
You hear a shout!
You see here a hobgoblin corpse.
A gnoll comes into view. It is wielding a +0 spear.
Found 2 glowing blue potions.
A gnoll comes into view. It is wielding a +0 club.
The gnoll hits you with a +0 flail.
The gnoll shouts!
You slash the gnoll!
The gnoll is heavily wounded.
The gnoll hits you with a +0 flail. The gnoll closely misses you.
You hit the gnoll.
The gnoll is severely wounded.
The gnoll completely misses you.
The gnoll hits you from afar with a +0 spear.
You barely miss the gnoll. You headbutt the gnoll.
The gnoll is severely wounded.
The gnoll hits you from afar with a +0 spear!
The gnoll hits you with a +0 flail.
* * * LOW HITPOINT WARNING * * *
A gnoll comes into view. It is wielding a +0 spear.
You barely miss the gnoll. You headbutt the gnoll.
The gnoll is almost dead.
You block the gnoll's attack. x2
You hit the gnoll but do no damage. Your headbutt misses the gnoll.
The gnoll is almost dead.
The gnoll barely misses you. The gnoll hits you with a +0 flail!
* * * LOW HITPOINT WARNING * * *
The gnoll hits you from afar with a +0 spear.
You die...

##################
####............†....
......#..........###.
##.###...#.########.###.
....gg$....########.##..
#g@...##......<....
##.#.†.............
#g##.##.........#.
#.##.##.........##
#.##.##.........#
..!.............#
#...............#
####.##.........#
#.##.........#


You could see 4 gnolls.

Vanquished Creatures
  2 adders (D:2)
  A gnoll (D:1)
  A worm (D:2)
  2 dart slugs (D:1)
  2 ball pythons
  2 bats
  5 endoplasms
  3 giant cockroaches
  5 goblins
  2 hobgoblins
  4 jackals
  3 kobolds (D:1)
  3 frilled lizards (D:1)
  2 rats (D:1)
37 creatures vanquished.

Notes
Turn   | Place    | Note
-------+----------+-------------------------------------------
     0 | D:1      | Jarnaxa the Minotaur Monk began the quest for the Orb.
     0 | D:1      | Reached XP level 1. HP: 19/19 MP: 0/0
    70 | D:1      | Reached XP level 2. HP: 27/27 MP: 1/1
   328 | D:1      | Reached XP level 3. HP: 34/34 MP: 2/2
   922 | D:2      | Reached XP level 4. HP: 41/41 MP: 3/3
   963 | D:2      | Slain by a gnoll

Illustrated notes

Levels and vault maps discovered:
D:1:      lemuel_arrival_behind_the_door_large, layout_rooms,
          dreamdust_princess_bridge, chequers_serial_rivers_small_a
D:2:      layout_loops_ring, minmay_tiny_reverse_x

Skill      XL: |  1  2 |
---------------+-------+-----
Long Blades    | 4 |  4.6
Fighting       | 4 |  4.6
Dodging        | |  3.8
Stealth        | |  0.4

Action                     |  1- 3 |  4- 6 || total
---------------------------+-------+-------++-------
  Melee: Falchion          |    80 |    11 ||    91
         Headbutt          |    12 |     3 ||    15
   Stab: Sleeping          |     1 |       ||     1
 Armour: Robe              |    11 |       ||    11
         Scale mail        |     5 |     2 ||     7
  Dodge: Dodged            |    52 |     4 ||    56
  Block: Buckler           |    10 |     2 ||    12
